 Dungeon Crawl Stone Soup version 0.20.1-1-g8b1a95d (webtiles) character file.

1645 vineage the Cleaver (level 8, -4/96 HPs)
             Began as a Minotaur Fighter on Nov 4, 2017.
             Slain by a troll (6 damage)
             ... on level 6 of the Dungeon.
             The game lasted 00:06:30 (4209 turns).

vineage the Cleaver (Minotaur Fighter)              Turns: 4209, Time: 00:06:31

Health: -4/96      AC: 24    Str: 31    XL:     8   Next: 67%
Magic:  7/7        EV:  2    Int:  7    God:
Gold:   100        SH: 11    Dex: 14    Spells: 7/7 levels left

rFire    . . .     SeeInvis .   a - +1 war axe
rCold    . . .     Gourm    .   c - +1 shield
rNeg     + + +     Faith    .   (armour currently unavailable)
rPois    +         Spirit   .   (helmet currently unavailable)
rElec    .         Reflect  .   (cloak currently unavailable)
rCorr    .         Harm     .   (gloves currently unavailable)
MR       .....     NoTele   +   (boots currently unavailable)
Stlth    +.........             (no amulet)
Regen    0.3/turn               k - +3 ring of strength
MPRegen  0.1/turn               n - +4 ring of dexterity

@: mighty, tree-form
A: (retaliatory headbutt), clever 1, wild magic 2
a: no special abilities


You were on level 6 of the Dungeon.
You were not hungry.
You were a tree.
You visited 1 branch of the dungeon, and saw 6 of its levels.

You collected 292 gold pieces.
You spent 192 gold pieces at shops.

Inventory:

Hand Weapons
 a - a +1 war axe (weapon)
Armour
 b - a +0 scale mail
 c - a +1 shield (worn)
 g - the +1 leather armour "Xeihoze" (melded) {rN+ MR++ Int+2 Stlth-}
   (You found it on level 5 of the Dungeon)

   It affects your intelligence (+2).
   It protects you from negative energy.
   It affects your resistance to hostile enchantments.
   It makes you less stealthy.
 x - a +0 pair of boots (melded)
Jewellery
 k - a +3 ring of strength (left branch)
 n - a +4 ring of dexterity (right branch)
 s - an uncursed ring of protection from cold
 u - a cursed ring of stealth {unknown}
Scrolls
 e - a scroll of immolation {unknown}
 h - 2 scrolls of enchant weapon
 i - 4 scrolls of teleportation
 j - 7 scrolls of remove curse
 l - a scroll of recharging
 o - 2 scrolls of identify
 y - 2 scrolls of fear
Potions
 d - a potion of might
 p - a potion of agility
Books
 r - a book of Changes

   Spells                             Type                      Level
   a - Beastly Appendage              Transmutation                1
   b - Sticks to Snakes               Transmutation                2
   c - Spider Form                    Transmutation/Poison         3
   d - Ice Form                       Ice/Transmutation            4
   e - Blade Hands                    Transmutation                5
 t - a book of Minor Magic

   Spells                             Type                      Level
   a - Magic Dart                     Conjuration                  1
   b - Blink                          Translocation                2
   c - Call Imp                       Summoning                    2
   d - Slow                           Hexes                        2
   e - Conjure Flame                  Conjuration/Fire             3
   f - Mephitic Cloud                 Conjuration/Poison/Air       3
 w - a book of Conjurations

   Spells                             Type                      Level
   a - Magic Dart                     Conjuration                  1
   b - Searing Ray                    Conjuration                  2
   c - Dazzling Spray                 Conjuration/Hexes            3
   d - Fulminant Prism                Conjuration/Hexes            4
   e - Force Lance                    Conjuration/Translocation    4
   f - Iskenderun's Mystic Blast      Conjuration                  4
 A - a book of Misfortune

   Spells                             Type                      Level
   a - Confusing Touch                Hexes                        1
   b - Confuse                        Hexes                        3
   c - Gell's Gravitas                Translocation                3
   d - Petrify                        Transmutation/Earth          4
   e - Metabolic Englaciation         Hexes/Ice                    5
   f - Yara's Violent Unravelling     Hexes/Transmutation          5
Comestibles
 f - 6 bread rations
 q - 2 royal jellies
 z - a meat ration


   Skills:
 - Level 3.6 Fighting
 + Level 12.9 Axes
 - Level 3.6 Armour
 - Level 3.6 Shields


You had 7 spell levels left.
You didn't know any spells.

Dungeon Overview and Level Annotations

Branches:
Dungeon (6/15)
 Temple: D:4-7

Altars:
Nemelex Xobeh

Shops:
D:5 !**


Innate Abilities, Weirdness & Mutations

((You reflexively headbutt those who attack you in melee.))
((You have a pair of horns on your head.))
((You have sharp toenails.))
Your mind is acute. (Int +2)
((Your flesh is cold resistant. (rC+)))
Your spells are harder to cast, but more powerful.


Message History

Sorry, you're not good enough to have a special ability.
You feel better. The troll bites you.
* * * LOW HITPOINT WARNING * * *
You block the troll's attack. x2
You turn into a tree.
Your +0 pair of boots melds into your body.
The +1 leather armour "Xeihoze" {rN+ MR++ Int+2 Stlth-} melds into your body.
Your roots penetrate the ground.
The troll bites you!
* * * LOW HITPOINT WARNING * * *
The troll claws you but does no damage. The troll claws you.
* * * LOW HITPOINT WARNING * * *
You barely miss the troll.
The troll is moderately wounded.
The troll bites you but does no damage. The troll claws you.
* * * LOW HITPOINT WARNING * * *
The troll claws you but does no damage.
You barely miss the troll.
The troll is moderately wounded.
You block the troll's attack. x2; The troll claws you.
You die...

#####.#####.#.##.#
#..............#.#
#.###.#####.#....# ###.###.#
#......#
........#####.#....######
........................# ##
.......#########.######### #.
.. .......# #.# #. .. ..
.......# #♣# #. .# #. .......#
#.T.# #. .# #. .......# #.....#
#.##.# #. ###.##.## #.......#
#....# #.
#.#...####.........####...####.
#.)......+.........+...........
#.#...####.........####........
#.##.## ##.......## ##.######
#.# ## #....#


You could see a troll.

Vanquished Creatures
  Menkaure (D:4)
  A black bear (D:6)
  A phantom (D:5)
  2 ogres (D:5)
  An ice beast (D:5)
  2 centaurs (D:6)
  The ghost of Linguinho the Caller, an amateur DsSu (D:3)
  A bullfrog (D:6)
  A scorpion (D:5)
  A jelly (D:5)
  An orc priest (D:5)
  3 hounds
  2 centaur skeletons
  An iguana (D:4)
  6 orc wizards
  4 worker ants
  2 hound skeletons
  4 gnolls
  9 adders
  3 worms
  3 dart slugs
  7 leopard geckos
  14 orcs
  7 bats
  3 giant cockroaches
  12 goblins
  8 hobgoblins
  13 jackals
  4 kobolds
  A frilled lizard (D:5)
  7 rats
126 creatures vanquished.

Notes
Turn   | Place    | Note
-------+----------+-------------------------------------------
     0 | D:1      | vineage the Minotaur Fighter began the quest for the Orb.
     0 | D:1      | Reached XP level 1. HP: 19/19 MP: 0/0
    56 | D:1      | Reached skill level 3 in Axes
    83 | D:1      | Reached XP level 2. HP: 26/26 MP: 1/1
   349 | D:1      | Reached skill level 4 in Axes
   498 | D:1      | Reached XP level 3. HP: 27/31 MP: 2/2
   760 | D:2      | Reached skill level 5 in Axes
   854 | D:2      | Reached XP level 4. HP: 31/39 MP: 3/3
  1011 | D:2      | Found a sparkling altar of Nemelex Xobeh.
  1199 | D:3      | Noticed Linguinho's ghost (amateur DsSu)
  1218 | D:3      | Killed Linguinho's ghost
  1218 | D:3      | Reached skill level 6 in Axes
  1218 | D:3      | Reached XP level 5. HP: 33/45 MP: 4/4
  1549 | D:3      | Reached skill level 7 in Axes
  1665 | D:3      | Reached XP level 6. HP: 46/51 MP: 5/5
  1688 | D:3      | Reached skill level 8 in Axes
  1936 | D:4      | Noticed Menkaure
  1946 | D:4      | Killed Menkaure
  1946 | D:4      | Reached skill level 9 in Axes
  2260 | D:4      | Reached XP level 7. HP: 46/57 MP: 6/6
  2726 | D:5      | Entered Level 5 of the Dungeon
  2792 | D:5      | Reached skill level 10 in Axes
  2971 | D:5      | Found Koucumy's Assorted Antiques.
  3035 | D:5      | Got a smoking leather armour
  3046 | D:5      | Identified the +1 leather armour "Xeihoze" {rN+ MR++ Int+2 Stlth-} (You found it on level 5 of the Dungeon)
  3084 | D:5      | Reached skill level 11 in Axes
  3085 | D:5      | Found Beuxuwit's General Store.
  3093 | D:5      | Reached XP level 8. HP: 54/64 MP: 7/7
  3525 | D:5      | Found Zangapur's Distillery.
  3533 | D:5      | Bought 2 potions of mutation for 192 gold pieces
  3533 | D:5      | Gained mutation: Your spells are a little harder to cast, but a little more powerful. [potion of mutation]
  3533 | D:5      | Gained mutation: You are weak. (Str -2) [potion of mutation]
  3533 | D:5      | Gained mutation: You are very weak. (Str -4) [potion of mutation]
  3533 | D:5      | Gained mutation: You are agile. (Dex +2) [potion of mutation]
  3534 | D:5      | Lost mutation: You are very weak. (Str -4) [potion of mutation]
  3534 | D:5      | Lost mutation: You are weak. (Str -2) [potion of mutation]
  3534 | D:5      | Lost mutation: You are agile. (Dex +2) [potion of mutation]
  3534 | D:5      | Gained mutation: You are agile. (Dex +2) [potion of mutation]
  3534 | D:5      | Gained mutation: You tend to lose your temper in combat. [potion of mutation]
  3534 | D:5      | Gained mutation: You have a pair of large horns on your head. [potion of mutation]
  3689 | D:6      | Reached skill level 12 in Axes
  3828 | D:6      | Lost mutation: You are agile. (Dex +2) [potion of mutation]
  3828 | D:6      | Lost mutation: You have a pair of large horns on your head. [potion of mutation]
  3828 | D:6      | Lost mutation: You tend to lose your temper in combat. [potion of mutation]
  3828 | D:6      | Gained mutation: Your flesh is cold resistant. (rC+) [potion of mutation]
  3828 | D:6      | Gained mutation: Your mind is acute. (Int +2) [potion of mutation]
  3828 | D:6      | Gained mutation: You have sharp toenails. [potion of mutation]
  3828 | D:6      | Gained mutation: Your spells are harder to cast, but more powerful. [potion of mutation]
  4198 | D:6      | Noticed a troll
  4207 | D:6      | HP: 3/96 [troll (5)]
  4209 | D:6      | Slain by a troll

Skill      XL: |  1  2  3  4  5  6  7  8 |
---------------+-------------------------+-----
Axes           | 3 4 5 6 7 9 11 12 | 12.9
Fighting       | |  3.6
Armour         | |  3.6
Shields        | |  3.6

Action                   |  1- 3 |  4- 6 |  7- 9 || total
-------------------------+-------+-------+-------++-------
Melee: War axe           |    60 |   125 |   124 ||   309
       Headbutt          |     4 |    16 |    26 ||    46
  Use: Potion            |       |     3 |     6 ||     9
       Scroll            |       |       |     9 ||     9
  Eat: Chunk             |       |     5 |     2 ||     7
       Meat ration       |       |       |     1 ||     1
Armor: Scale mail        |    29 |    44 |    16 ||    89
       Skin              |       |     2 |     3 ||     5
       Leather armour    |       |       |     9 ||     9
Dodge: Dodged            |    22 |    35 |    32 ||    89
Block: Shield            |    25 |    60 |    64 ||   149
